 Dungeon Crawl Stone Soup version 0.22.1-6-g1668fe2 (webtiles) character file.

271104 toffzen the Black Belt (level 20, 0/153 HPs)
             Began as an Octopode Fighter on Jan 16, 2019.
             Was the Champion of Yredelemnul.
             Slain by an ogre mage
             ... wielding a +0 spear
              (9 damage)
             ... while paralysed by an ogre mage
             ... on level 2 of the Depths on Jan 22, 2019.
             The game lasted 04:26:18 (54440 turns).

toffzen the Black Belt (Octopode Fighter)          Turns: 54440, Time: 04:26:19

Health: 0/153      AC:  9    Str: 15    XL:     20   Next: 63%
Magic:  21/23      EV:  2    Int: 17    God:    Yredelemnul [******]
Gold:   919        SH:  0    Dex: 22    Spells: 4/19 levels left

rFire    + . .     SeeInvis .     - Unarmed
rCold    + . .     Gourm    .   a - +5 shield
rNeg     . . .     Faith    .   (helmet restricted)
rPois    +         Spirit   .   J - amulet "Sariba" {Acrobat Int+2}
rElec    .         Reflect  .   H - ring of wizardry
rCorr    .         Harm     .   y - ring of protection from fire
MR       +....                  I - ring of wizardry
Stlth    ++++++++++             C - +6 ring of evasion
HPRegen  0.35/turn              E - ring of poison resistance
MPRegen  0.18/turn              X - +6 ring of dexterity
                                F - ring "Cuucub" {+Inv rC+}
                                Q - ring of Robustness {AC+8}

@: paralysed, wreathed by umbra
A: almost no armour, stealthy swim, amphibious, 8 rings, constrict 8, camouflage
1, blurry vision 1, gelatinous body 1
}: 1/15 runes: gossamer
a: Recall Undead Slaves, Injury Mirror, Animate Dead, Drain Life, Enslave Soul,
Renounce Religion, Evoke Invisibility


You were on level 2 of the Depths.
You worshipped Yredelemnul.
Yredelemnul was exalted by your worship.
You were not hungry.

You visited 8 branches of the dungeon, and saw 36 of its levels.
You also visited: Bailey.

You collected 3462 gold pieces.
You spent 2543 gold pieces at shops.

Inventory:

Hand Weapons
 b - a +0 hunting sling
 t - a +6 vampiric trident
Missiles
 e - 841 stones (quivered)
 i - 1000 arrows
Armour
 a - a +5 shield (worn)
Jewellery
 l - an uncursed ring of see invisible
 r - an uncursed ring of magical power
 y - a ring of protection from fire (right tentacle)
 A - an uncursed ring of resist corrosion
 C - a +6 ring of evasion (on tentacle)
 E - a ring of poison resistance (on tentacle)
 F - the ring "Cuucub" (on tentacle) {+Inv rC+}
   (You acquired it on level 10 of the Dungeon)

   [ring of protection from cold]

   It protects you from cold.
   It lets you turn invisible.
 H - a ring of wizardry (left tentacle)
 I - a ring of wizardry (on tentacle)
 J - the amulet "Sariba" (around mantle) {Acrobat Int+2}
   (You bought it in a shop on level 11 of the Dungeon)

   [amulet of the acrobat]

   It helps you evade while moving and waiting.
   It affects your intelligence (+2).
 Q - the ring of Robustness (on tentacle) {AC+8}
   (You found it on level 3 of the Spider Nest)

   [ring of protection]

   It affects your AC (+8).
 R - an uncursed ring of protection from fire
 S - an uncursed ring of protection from cold
 X - a +6 ring of dexterity (on tentacle)
Wands
 j - a wand of digging (43)
 z - a wand of enslavement (17)
 B - a wand of polymorph (15)
 N - a wand of iceblast (8)
 V - a wand of acid (10)
Scrolls
 d - 9 scrolls of remove curse
 f - 5 scrolls of magic mapping
 k - 2 scrolls of amnesia
 u - 3 scrolls of enchant armour
 x - 16 scrolls of teleportation
 D - 3 scrolls of fear
 G - 3 scrolls of immolation
 M - 3 scrolls of vulnerability
 T - 2 scrolls of summoning
 W - 9 scrolls of identify
 Z - 5 scrolls of blinking
Potions
 g - 11 potions of brilliance
 h - 8 potions of curing
 m - 3 potions of haste
 o - a potion of resistance
 p - 5 potions of flight
 q - 7 potions of ambrosia
 s - 3 potions of cancellation
 v - 2 potions of agility
 w - 4 potions of mutation
 K - 2 potions of heal wounds
 O - 2 potions of magic
 P - a potion of might
 U - 2 potions of lignification
Miscellaneous
 n - a box of beasts
 Y - a sack of spiders
Comestibles
 c - 15 rations
 L - 2 chunks of flesh


   Skills:
 - Level 17.8 Fighting
 - Level 3.6 Polearms
 - Level 15.2 Dodging
 - Level 10.3 Stealth
 - Level 15.0 Shields
 - Level 19.4 Unarmed Combat
 + Level 12.1 Transmutations
 - Level 4.0 Invocations


You had 4 spell levels left.
You knew the following spells:

 Your Spells              Type           Power        Failure   Level  Hunger
a - Sticks to Snakes      Tmut           #####...     1%          2    ###....
b - Beastly Appendage     Tmut           #####.       1%          1    ##.....
c - Spider Form           Tmut/Pois      ###.......   1%          3    ####...
d - Blink                 Tloc           N/A          10%         2    ###....
e - Dragon Form           Tmut           #####.....   32%         7    #######

Your spell library contained the following spells:

 Spells                   Type           Power        Failure   Level  Hunger
 Ice Form                 Ice/Tmut       ###.....     5%          4    #####..
 Petrify                  Tmut/Erth      ###.....     5%          4    #####..
 Animate Skeleton         Necr           N/A          7%          1    ##.....
 Confusing Touch          Hex            #.....       7%          1    ##.....
 Corona                   Hex            #......      7%          1    ##.....
 Flame Tongue             Conj/Fire      #....        7%          1    ##.....
 Freeze                   Ice            #...         7%          1    ##.....
 Infusion                 Chrm           #...         7%          1    ##.....
 Magic Dart               Conj           #...         7%          1    ##.....
 Pain                     Necr           #...         7%          1    ##.....
 Shock                    Conj/Air       #...         7%          1    ##.....
 Summon Small Mammal      Summ           #...         7%          1    ##.....
 Call Imp                 Summ           #.......     10%         2    ###....
 Ensorcelled Hibernation  Hex/Ice        #.....       10%         2    ###....
 Searing Ray              Conj           #.....       10%         2    ###....
 Shroud of Golubria       Chrm/Tloc      #.........   10%         2    ###....
 Slow                     Hex            #.......     10%         2    ###....
 Song of Slaying          Chrm           #.......     10%         2    ###....
 Swiftness                Chrm/Air       #.......     10%         2    ###....
 Throw Frost              Conj/Ice       #.....       10%         2    ###....
 Call Canine Familiar     Summ           #.......     17%         3    ####...
 Confuse                  Hex            #.......     17%         3    ####...
 Conjure Flame            Conj/Fire      #.......     17%         3    ####...
 Dazzling Spray           Conj/Hex       #.....       17%         3    ####...
 Gell's Gravitas          Tloc           #.........   17%         3    ####...
 Mephitic Cloud           Conj/Pois/Air  #.......     17%         3    ####...
 Ozocubu's Armour         Chrm/Ice       #.......     17%         3    ####...
 Recall                   Summ/Tloc      N/A          17%         3    ####...
 Regeneration             Chrm/Necr      #.........   17%         3    ####...
 Spectral Weapon          Hex/Chrm       #.......     17%         3    ####...
 Static Discharge         Conj/Air       #.......     17%         3    ####...
 Summon Guardian Golem    Hex/Summ       #.......     17%         3    ####...
 Tukima's Dance           Hex            #.......     17%         3    ####...
 Vampiric Draining        Necr           #.........   17%         3    ####...
 Airstrike                Air            #.........   50%         4    #####..
 Animate Dead             Necr           N/A          50%         4    #####..
 Cause Fear               Hex            #.........   50%         4    #####..
 Force Lance              Conj/Tloc      #.......     50%         4    #####..
 Fulminant Prism          Conj/Hex       #.........   50%         4    #####..
 Iskenderun's Mystic Bla  Conj           #.......     50%         4    #####..
 Summon Ice Beast         Ice/Summ       #.......     50%         4    #####..
 Summon Lightning Spire   Summ/Air       #.......     50%         4    #####..
 Throw Icicle             Conj/Ice       #.......     50%         4    #####..
 Blade Hands              Tmut           #####.....   1%          5    ######.
 Yara's Violent Unravell  Hex/Tmut       ###.......   16%         5    ######.
 Borgnjor's Vile Clutch   Necr/Erth      #.........   82%         5    ######.
 Lightning Bolt           Conj/Air       #.........   82%         5    ######.
 Metabolic Englaciation   Hex/Ice        #.........   82%         5    ######.
 Silence                  Hex/Air        #.........   82%         5    ######.
 Bolt of Fire             Conj/Fire      #.........   100%        6    #######
 Darkness                 Hex            #.........   100%        6    #######
 Death Channel            Necr           #.........   100%        6    #######
 Poison Arrow             Conj/Pois      #.........   100%        6    #######
 Shadow Creatures         Summ           N/A          100%        6    #######
 Simulacrum               Ice/Necr       #.........   100%        6    #######
 Chain Lightning          Conj/Air       #.........   100%        8    #######
 Lehudib's Crystal Spear  Conj/Erth      #.........   100%        8    #######
 Dragon's Call            Summ           #.........   100%        9    #######
 Fire Storm               Conj/Fire      #.........   100%        9    #######
 Glaciate                 Conj/Ice       #.........   100%        9    #######


Dungeon Overview and Level Annotations

Branches:
Dungeon (15/15)            Temple (1/1) D:6            Lair (6/6) D:10
 Shoals (0/4) Lair:4       Spider (4/4) Lair:2        Slime (0/5) Lair:6
    Orc (2/2) D:10            Elf (2/3) Orc:2        Vaults (4/5) D:13
  Crypt (0/3) Vaults:2     Depths (2/5) D:15

Altars:
Ashenzari
Cheibriados
Dithmenos
Elyvilon
Fedhas
Gozag
Hepliaklqana
Kikubaaqudgha
Makhleb
Nemelex Xobeh
Okawaru
Qazlal
Ru
Sif Muna
Trog
Uskayaw
Vehumet
Wu Jian
Xom
Yredelemnul
Zin
The Shining One
Beogh
Jiyva

Shops:
D:4 [   D:5 *   D:10 !   D:11 *   Orc:2 [*?*   Elf:1 :   Vaults:2 %
Vaults:3 (

Portals:
Hell: Depths:1 Depths:2
Abyss: Depths:2
Ziggurat: Depths:2

Annotations:
D:4 1 runed door
D:7 exclusion: door
D:12 2 transporters, peep's ghost, journeyman OpVM
Lair:3 exclusion: 3 oklob plants
Lair:6 2 runed doors
Spider:4 3 runed doors, ThisFiasco's ghost, adept HOFi; potiron's ghost, adept MiBe


Innate Abilities, Weirdness & Mutations

You cannot wear most types of armour.
You are very stealthy in the water. (Stealth+)
You are amphibious.
You can wear up to eight rings at the same time.
You can use your tentacles to constrict eight enemies at once.
Your skin changes colour to match your surroundings (Stealth+).
Your rubbery body absorbs attacks. (AC +1, EV +1)
Scrolls take you a little longer to read.


Message History

* * * LOW HITPOINT WARNING * * *
Your profane servitor hits the ogre mage with a whip of draining!!
Your profane servitor draws strength from the ogre mage's injuries!
Your profane servitor drains the ogre mage!
Your profane servitor hits the ogre mage with a whip of draining.
Your profane servitor drains the ogre mage!
Your vampire knight casts a spell.
Your vampire knight flickers and vanishes for a moment.
Your profane servitor closely misses the two-headed ogre.
Your profane servitor hits the two-headed ogre with a whip of venom.
The two-headed ogre hits you with a giant club!!
* * * LOW HITPOINT WARNING * * *
The two-headed ogre hits you with a giant club!
* * * LOW HITPOINT WARNING * * *
Your profane servitor closely misses the ogre mage.
Your profane servitor hits the ogre mage with a whip of draining!
Your profane servitor drains the ogre mage!
The ogre mage hits you from afar with a spear!
You die...
Your body rises from the dead as a mindless zombie.

......Z## #.# #...#.#
.....Z.V###.####.....#
......ZZZ..ZZ........#
......ZZV####V.......#
........## ##.....#.#
.......## #.....#.#
.......# ##.n....#
.....### ##A....#
#....# #@O...# ##...#
#AO..## ##.. #OV...#
......# ......#
...#...# .#####.# ##
##


You could see 2 two-headed ogres, an ogre mage, 2 friendly profane servitors, a
friendly ghoul, 2 friendly vampire knights and a friendly centaur warrior
zombie.

Vanquished Creatures
  Margery (Vaults:4)
  A deep elf blademaster (Elf:2)
  A sphinx (Vaults:4)
  Kirke (Lair:4)
  A storm dragon (Vaults:3)
  A frost giant (Depths:2)
  A fire giant (Depths:1)
  2 deep elf sorcerers
  3 vault wardens (Vaults:3)
  2 ghost moths
  A balrug (Depths:1)
  An orc warlord (D:10)
  2 very ugly things (Depths:2)
  4 ironheart preservers
  5 stone giants
  3 entropy weavers
  A spark wasp (Spider:4)
  3 ettins
  A deep elf death mage (Elf:2)
  Josephine (D:11)
  A crystal guardian (Vaults:4)
  3 fire dragons
  3 great orbs of eyes
  2 yaktaur captains
  3 ogre magi
  4 hydras
  A centaur warrior (Depths:2)
  4 ice dragons
  Erica (D:8)
  15 two-headed ogres
  A tengu warrior (Depths:2)
  11 dancing weapons
  4 death yaks
  A deep troll shaman (Depths:1)
  An orc high priest (Orc:1)
  Urug (Lair:1)
  A sun demon (Depths:1)
  6 hell knights
  5 deep elf knights
  2 iron trolls (Depths:1)
  2 unseen horrors
  A glowing orange brain (D:15)
  4 deep trolls
  A flayed ghost (Vaults:4)
  2 wizards
  A lindwurm (Lair:6)
  5 deep elf archers
  4 ironbrand convokers
  7 orc knights
  5 necromancers
  30 deep elf magi
  23 ugly things
  An orb spider (Spider:4)
  4 orc sorcerers
  26 wolf spiders
  4 cyclopes
  2 moths of wrath
  4 vault sentinels
  A water nymph (shapeshifter) (Vaults:3)
  A torpor snail (Lair:4)
  3 black mambas
  Joseph (D:7)
  A molten gargoyle (Lair:6)
  2 centaur skeletons (D:15)
  2 gargoyles
  8 spiny frogs
  4 freezing wraiths
  7 komodo dragons
  6 demonic crawlers
  6 kobold demonologists
  9 yaktaurs
  A yaktaur skeleton (Vaults:3)
  5 trolls
  A meliai (shapeshifter) (Vaults:3)
  15 jumping spiders
  A polar bear (Lair:2)
  A harpy skeleton (D:15)
  7 hornets
  6 hippogriffs
  4 slime creatures
  An ettin zombie (Vaults:4)
  22 redbacks
  12 tarantellas
  A centaur simulacrum (D:14)
  An air elemental (Elf:2)
  A spriggan (Depths:2)
  5 wyverns
  3 water elementals
  A wraith (D:11)
  A vampire (D:12)
  22 yaks
  2 fire elementals
  3 basilisks
  7 hogs
  A human (D:6)
  2 steam dragons (Lair:6)
  6 vampire mosquitoes
  6 wargs
  An acid dragon (D:12)
  6 hell hounds
  9 porcupines
  3 ice beasts (D:9)
  5 water moccasins
  Duvessa (D:5)
  2 black bears
  35 orc warriors
  20 ogres
  5 sky beasts
  An eye of draining (D:12)
  7 boggarts
  2 phantoms
  5 wolves
  15 centaurs
  7 crocodiles
  Blork the orc (Orc:1)
  5 big kobolds
  13 bullfrogs
  A wyvern zombie (D:9)
  An earth elemental (Elf:1)
  A gnoll sergeant (Orc:1)
  Dowan (D:5)
  8 scorpions
  A water moccasin skeleton (D:7)
  3 killer bees (D:12)
  8 howler monkeys
  8 wights
  7 crimson imps
  A centaur zombie (D:7)
  4 bullfrog zombies
  2 human simulacra
  3 lava snakes (Lair:6)
  8 hounds
  A jelly (D:7)
  3 bullfrog skeletons
  28 orc priests
  15 orc wizards
  6 iguanas
  Terence (D:3)
  13 worker ants
  2 killer bee zombies
  A hound zombie (D:9)
  A hound skeleton (D:7)
  10 gnolls
  12 adders
  6 shadow imps
  2 oozes
  An adder zombie (D:7)
  An adder skeleton (D:6)
  2 worms
  A dart slug (D:1)
  9 leopard geckos
  96 orcs
  4 bats
  13 giant cockroaches
  10 goblins
  9 hobgoblins
  8 jackals
  20 kobolds
  5 quokkas
  4 frilled lizards
  A leopard gecko zombie (D:6)
  A quokka skeleton (D:6)
  A quokka zombie (D:8)
  10 rats
  A fungus (Lair:6)
  A plant (D:10)
920 creatures vanquished.

Vanquished Creatures (collateral kills)
  An ancient lich (Depths:2)
  Saint Roka (Elf:2)
  Arachne (Spider:4)
  A sphinx (Depths:1)
  3 frost giants
  Donald (Elf:2)
  Louise (D:15)
  3 vault wardens
  4 ghost moths
  5 emperor scorpions
  10 ironheart preservers
  5 stone giants
  5 very ugly things
  A deep elf demonologist (Vaults:4)
  2 entropy weavers
  3 spark wasps
  Azrael (Spider:3)
  An ettin (shapeshifter) (D:15)
  An ettin (Vaults:3)
  A fire dragon (Depths:2)
  3 vault guards (Vaults:2)
  2 yaktaur captains
  8 ogre magi
  2 great orbs of eyes (Vaults:1)
  4 rakshasas
  2 ice dragons
  A death knight (Vaults:2)
  3 centaur warriors
  6 hydras
  17 two-headed ogres
  16 dancing weapons
  A tengu warrior (Depths:2)
  3 death yaks
  4 deep troll shamans
  A deep troll earth mage (Depths:2)
  2 spriggan berserkers (Depths:2)
  15 deep elf knights
  5 orc high priests (Orc:2)
  3 hell knights
  A fire crab (shapeshifter) (D:15)
  A sun demon (Depths:1)
  An iron troll (Depths:1)
  A skeletal warrior (D:13)
  A shadow wraith (Vaults:4)
  2 unseen horrors
  12 deep trolls
  2 wizards
  17 deep elf archers
  2 flayed ghosts
  4 ironbrand convokers
  7 orc knights
  A necromancer (Vaults:3)
  3 orc sorcerers
  19 orb spiders
  28 deep elf magi
  20 wolf spiders
  A human zombie (Vaults:3)
  32 ugly things
  2 cyclopes (Vaults:1)
  8 slime creatures
  A salamander (shapeshifter) (Vaults:3)
  2 manticores
  4 black mambas
  3 elephants (Lair:6)
  5 vault sentinels
  A centaur zombie (D:14)
  2 torpor snails
  A black mamba (shapeshifter) (D:15)
  A molten gargoyle (Lair:6)
  3 gargoyles
  3 centaur skeletons (D:13)
  19 yaktaurs
  3 kobold demonologists
  A rime drake (shapeshifter) (Vaults:4)
  An efreet (D:13)
  2 freezing wraiths
  8 komodo dragons
  15 demonic crawlers
  2 tengu conjurers
  25 jumping spiders
  3 trolls
  5 hornets
  A hippogriff (D:14)
  A frost giant simulacrum (Vaults:1)
  A wolf spider simulacrum (Vaults:1)
  A wind drake (shapeshifter) (Vaults:2)
  2 air elementals (Elf:2)
  A hippogriff (shapeshifter) (D:15)
  34 tarantellas
  A spriggan (Depths:2)
  A shadow (D:15)
  48 redbacks
  6 wraiths
  9 yaks
  4 water elementals
  3 basilisks
  2 wyverns (Lair:6)
  A vampire mosquito (D:14)
  2 hungry ghosts
  3 fire elementals
  2 acid dragons
  3 water moccasins
  An orb spider zombie (Spider:4)
  3 porcupines
  A hell hound (Lair:6)
  26 orc warriors
  An eye of draining (D:14)
  21 ogres
  5 boggarts
  A human skeleton (Vaults:4)
  A crocodile (Lair:6)
  6 centaurs
  3 big kobolds
  A bullfrog (D:12)
  A glowing shapeshifter simulacrum (Vaults:3)
  A hornet simulacrum (Vaults:1)
  A killer bee (D:12)
  3 wights
  2 electric eels (Spider:2)
  2 lava snakes (Lair:6)
  A crimson imp (D:14)
  A quasit (D:13)
  6 orc priests
  3 hounds
  9 orc wizards
  A bullfrog skeleton (D:13)
  3 worker ants
  38 orcs
  4 kobolds
  14 fungi
  14 plants
724 creatures vanquished.

Vanquished Creatures (others)
  2 profane servitors
  5 bone dragons
  7 ghouls
  2 vampire knights
  Arachne zombie (Spider:4)
  3 skeletal warriors
  3 flayed ghosts
  5 phantasmal warriors
  A wolf spider (Spider:4)
  7 human zombies
  6 wolf spider zombies
  10 ugly thing zombies
  A fire giant zombie (Depths:1)
  A death yak zombie (Lair:6)
  10 redback zombies
  2 demonic crawler zombies (Spider:4)
  3 hydra zombies
  6 tarantella zombies
  2 jumping spider zombies
  A hippogriff (D:15)
  10 flying skulls
  A vampire (Spider:4)
  4 wraiths
  A black mamba zombie (Lair:6)
  An ice dragon skeleton (Vaults:3)
  2 water elementals (D:15)
  3 elf zombies
  2 deep troll zombies (Vaults:4)
  2 two-headed ogre zombies (Vaults:4)
  4 spiny frog zombies
  An orb spider zombie (Spider:3)
  A deep troll skeleton (Depths:2)
  An elephant zombie (Lair:6)
  A hornet zombie (Spider:4)
  A lindwurm zombie (Lair:6)
  A boggart (Vaults:2)
  A torpor snail zombie (Lair:4)
  A hog zombie (Lair:4)
  3 vampire mosquito zombies
  2 hippogriff zombies
  5 komodo dragon zombies
  3 yaktaur zombies
  2 wyvern zombies
  A hell hound zombie (Lair:6)
  4 water moccasin zombies
  A warg zombie (Orc:1)
  5 yak zombies
  2 troll zombies (Orc:2)
  2 wights
  A wolf zombie (D:10)
  4 bullfrog zombies
  2 electric eels (D:15)
  A crimson imp (D:15)
  3 centaur zombies
  2 kobold zombies (D:11)
  6 porcupine zombies
  6 ogre zombies
  A crocodile skeleton (Lair:6)
  An ogre skeleton (Vaults:3)
  3 dwarf skeletons (Depths:1)
  2 mummies
  A howler monkey zombie (D:10)
  A scorpion zombie (D:12)
  An iguana zombie (D:11)
  3 orcs
  10 orc skeletons
  41 orc zombies
  32 fungi
  26 plants
293 creatures vanquished.

Grand Total: 1937 creatures vanquished

Notes
Turn   | Place    | Note
-------+----------+-------------------------------------------
     0 | D:1      | toffzen the Octopode Fighter began the quest for the Orb.
     0 | D:1      | Reached XP level 1. HP: 16/16 MP: 1/1
     6 | D:1      | Noticed a wyvern
     6 | D:1      | Noticed a killer bee
     6 | D:1      | Noticed a crocodile
     7 | D:1      | Noticed a polar bear
     7 | D:1      | Noticed a black mamba
   211 | D:1      | Reached XP level 2. HP: 21/21 MP: 2/2
   437 | D:1      | Reached skill level 3 in Unarmed Combat
   605 | D:1      | Reached XP level 3. HP: 26/26 MP: 3/3
  1306 | D:2      | Reached skill level 4 in Unarmed Combat
  1355 | D:2      | Noticed a sky beast
  1541 | D:2      | Reached XP level 4. HP: 31/31 MP: 4/4
  1715 | D:2      | Killed a sky beast
  1715 | D:2      | Reached skill level 5 in Unarmed Combat
  1715 | D:2      | Reached XP level 5. HP: 17/36 MP: 5/5
  2254 | D:3      | Found a faded altar of an unknown god.
  2258 | D:3      | Noticed Terence
  3314 | D:3      | Killed Terence
  3314 | D:3      | Reached XP level 6. HP: 33/42 MP: 6/6
  3529 | D:4      | Found a runed door.
  3677 | D:4      | Found Hocweob's Armour Shop.
  3994 | D:4      | Reached skill level 6 in Unarmed Combat
  4102 | D:4      | Reached XP level 7. HP: 46/46 MP: 7/7
  4276 | D:5      | Entered Level 5 of the Dungeon
  4316 | D:5      | Reached skill level 7 in Unarmed Combat
  4613 | D:5      | Found Etohuopn's Assorted Antiques.
  4738 | D:5      | Bought an opal ring for 135 gold pieces
  5068 | D:5      | Noticed Dowan
  5130 | D:5      | Reached skill level 8 in Unarmed Combat
  5319 | D:5      | Noticed Duvessa
  5367 | D:5      | Killed Duvessa
  5367 | D:5      | Reached XP level 8. HP: 52/52 MP: 8/8
  5369 | D:5      | Killed Dowan
  5616 | D:6      | Reached skill level 9 in Unarmed Combat
  6220 | D:6      | Found a staircase to the Ecumenical Temple.
  6226 | Temple   | Entered the Ecumenical Temple
  6418 | Temple   | Became a worshipper of Yredelemnul the Dark
  6793 | D:6      | Noticed a deep elf mage
  6865 | D:6      | Reached skill level 5 in Fighting
  6865 | D:6      | Reached skill level 5 in Dodging
  6918 | D:6      | Reached XP level 9. HP: 47/61 MP: 9/9
  7284 | D:6      | Reached skill level 1 in Polearms
  7807 | D:7      | Noticed Joseph
  7894 | D:7      | Reached * piety under Yredelemnul
  7983 | D:7      | Found a burning altar of Makhleb.
  8038 | D:7      | Found a hide-covered altar of Uskayaw.
  8139 | D:7      | Killed Joseph
  8280 | D:7      | Found a sparkling altar of Nemelex Xobeh.
  9010 | D:8      | Reached XP level 10. HP: 60/71 MP: 10/10
  9541 | D:8      | Noticed Erica
  9555 | D:8      | Killed Erica
 10901 | D:8      | Found a deep blue altar of Sif Muna.
 11142 | D:9      | Reached skill level 5 in Stealth
 11519 | D:9      | Reached ** piety under Yredelemnul
 12110 | D:9      | Found an iron altar of Okawaru.
 12118 | D:9      | Reached skill level 5 in Shields
 12332 | D:10     | Entered Level 10 of the Dungeon
 12335 | D:10     | Identified a scroll of acquirement
 12348 | D:10     | Found Hiuwkead's Distillery.
 12356 | D:10     | Bought a potion of heal wounds for 50 gold pieces
 12356 | D:10     | Bought a potion of lignification for 30 gold pieces
 12377 | D:10     | Got a translucent steel ring
 12380 | D:10     | Identified the ring "Cuucub" {+Inv rC+} (You acquired it on
                  | level 10 of the Dungeon)
 12450 | D:10     | Noticed a gargoyle
 12748 | D:10     | Found a staircase to the Lair.
 12907 | D:10     | Found a flagged portal.
 12923 | Bailey   | Entered a bailey
 12952 | Bailey   | Reached XP level 11. HP: 75/78 MP: 11/11
 14403 | Bailey   | Got a crude bardiche
 14747 | D:10     | Found a staircase to the Orcish Mines.
 14835 | D:10     | Reached *** piety under Yredelemnul
 14861 | D:10     | Reached skill level 10 in Unarmed Combat
 15216 | D:10     | Noticed a two-headed ogre
 15326 | D:10     | Learned a level 2 spell: Sticks to Snakes
 15492 | D:10     | Killed a two-headed ogre
 15679 | Lair:1   | Entered Level 1 of the Lair of Beasts
 15865 | Lair:1   | Learned a level 1 spell: Beastly Appendage
 15936 | Lair:1   | Noticed Urug
 17185 | Lair:2   | Got an ichor-stained short sword
 17285 | Lair:2   | Reached skill level 10 in Stealth
 17285 | Lair:2   | Reached XP level 12. HP: 92/92 MP: 12/12
 17756 | Lair:2   | Found a hole to the Spider Nest.
 18380 | Lair:3   | Received a gift from Yredelemnul (a wight)
 19710 | Lair:4   | Found a staircase to the Shoals.
 19742 | Lair:3   | Reached XP level 13. HP: 66/98 MP: 13/13
 19895 | Lair:4   | Noticed Kirke
 20362 | Lair:4   | Reached skill level 11 in Unarmed Combat
 20712 | Lair:4   | Killed Kirke
 20750 | Lair:4   | Reached skill level 10 in Dodging
 20765 | Lair:4   | Your ally Kirke died
 21329 | Lair:5   | Identified the +7 short sword of Benevolence {freeze, rPois
                  | rF+ Str+6 Stlth-} (You found it on level 2 of the Lair of
                  | Beasts)
 21788 | Lair:5   | Received a gift from Yredelemnul (a mummy)
 22455 | Lair:4   | Reached skill level 12 in Unarmed Combat
 23428 | D:11     | Found Cos Maba's General Store.
 23434 | D:11     | Bought a scroll of blinking for 105 gold pieces
 23529 | D:11     | Received a gift from Yredelemnul (a mummy)
 23930 | D:11     | Learned a level 3 spell: Spider Form
 24192 | D:11     | Noticed Josephine
 24891 | Orc:1    | Entered Level 1 of the Orcish Mines
 25051 | Orc:1    | Noticed Blork the orc
 25062 | Orc:1    | Killed Blork the orc
 25071 | Orc:1    | Noticed an orc warlord
 25091 | Orc:1    | Your ally Blork died
 25784 | D:10     | Killed an orc warlord
 25784 | D:10     | Reached skill level 1 in Invocations
 26472 | Orc:1    | Reached **** piety under Yredelemnul
 26483 | Orc:1    | Paralysed by an orc sorcerer for 5 turns
 26881 | Orc:2    | Entered Level 2 of the Orcish Mines
 26887 | Orc:2    | Found a roughly hewn altar of Beogh.
 27082 | Orc:2    | Received a gift from Yredelemnul (a wraith)
 27132 | Orc:2    | Reached XP level 14. HP: 86/108 MP: 15/15
 27687 | Orc:2    | Found a staircase to the Elven Halls.
 27817 | Orc:2    | Received a gift from Yredelemnul (a wraith)
 28012 | Orc:2    | Received a gift from Yredelemnul (4 flying skulls)
 28536 | Orc:2    | Received a gift from Yredelemnul (4 flying skulls)
 28634 | Orc:2    | Reached skill level 13 in Unarmed Combat
 28695 | Orc:2    | Found Kejom's Assorted Antiques.
 28695 | Orc:2    | Found Ubauph's Antique Armour Shop.
 28696 | Orc:2    | Found Zotorykh's Magic Scroll Shop.
 28696 | Orc:2    | Found Jiditup's General Store.
 28708 | Orc:2    | Bought a scroll of teleportation for 36 gold pieces
 28708 | Orc:2    | Bought a scroll of teleportation for 36 gold pieces
 28710 | Orc:2    | Bought a potion of heal wounds for 75 gold pieces
 28710 | Orc:2    | Bought a potion of agility for 60 gold pieces
 28715 | Orc:2    | Bought a notched cabochon ring for 150 gold pieces
 28841 | Orc:2    | Paralysed by an ogre mage for 4 turns
 28931 | Orc:2    | Learned a level 2 spell: Blink
 29038 | D:12     | Found a transporter.
 29043 | D:12     | Found a transporter.
 29047 | D:12     | Noticed peep's ghost (journeyman OpVM)
 29284 | D:12     | Reached ***** piety under Yredelemnul
 29573 | D:11     | Killed Josephine
 29583 | D:11     | Received a gift from Yredelemnul (a wight)
 30043 | Lair:6   | Entered Level 6 of the Lair of Beasts
 30899 | Lair:6   | Received a gift from Yredelemnul (2 flying skulls)
 31066 | Lair:6   | Found a viscous altar of Jiyva.
 31066 | Lair:6   | Found a staircase to the Slime Pits.
 31499 | Lair:6   | Received a gift from Yredelemnul (a skeletal warrior)
 32310 | Lair:6   | Found a large runed door.
 32311 | Lair:6   | Found a large runed door.
 32656 | D:12     | Reached skill level 15 in Fighting
 33034 | D:12     | Received a gift from Yredelemnul (a phantasmal warrior)
 33280 | D:12     | Reached skill level 14 in Unarmed Combat
 33284 | D:12     | Reached XP level 15. HP: 99/116 MP: 18/18
 33317 | D:12     | Received a gift from Yredelemnul (a wraith)
 33869 | D:12     | Identified the +9 bardiche of Demonkind {vamp, MP+9 Stlth+}
                  | (You found it in a bailey)
 34095 | D:13     | Received a gift from Yredelemnul (a wraith)
 34171 | D:13     | Received a gift from Yredelemnul (a vampire knight)
 34434 | D:13     | Reached skill level 10 in Shields
 34446 | D:13     | Received a gift from Yredelemnul (a wraith)
 34470 | D:13     | Received a gift from Yredelemnul (a vampire knight)
 34565 | D:13     | Found a gate to the Vaults.
 35076 | D:14     | Received a gift from Yredelemnul (a bone dragon)
 35454 | D:14     | Reached ****** piety under Yredelemnul
 35629 | D:14     | Found a blossoming altar of Fedhas.
 35791 | D:15     | Entered Level 15 of the Dungeon
 35798 | D:15     | Noticed Louise
 35814 | D:15     | Killed Louise
 35836 | D:15     | Received a gift from Yredelemnul (a bone dragon)
 35866 | D:15     | Identified the +7 rapier of Extremism {venom, rPois MR+}
                  | (You found it on level 15 of the Dungeon)
 36137 | D:15     | Received a gift from Yredelemnul (a skeletal warrior)
 36568 | D:15     | Reached skill level 15 in Unarmed Combat
 36614 | D:15     | Found a staircase to the Depths.
 36759 | D:15     | Received a gift from Yredelemnul (a phantasmal warrior)
 36767 | D:15     | Found the +8 autumn katana {slice, Clar}
 37271 | Spider:1 | Entered Level 1 of the Spider Nest
 37973 | Orc:2    | Bought an uncursed ring of see invisible for 225 gold
                  | pieces
 37973 | Orc:2    | Bought a ration for 75 gold pieces
 38274 | Spider:1 | Reached XP level 16. HP: 123/123 MP: 19/19
 38276 | Spider:1 | Received a gift from Yredelemnul (a ghoul)
 38412 | Spider:1 | Received a gift from Yredelemnul (a vampire)
 38649 | Spider:1 | Received a gift from Yredelemnul (a ghoul)
 39411 | Spider:2 | Received a gift from Yredelemnul (a vampire knight)
 39493 | Spider:2 | Received a gift from Yredelemnul (a skeletal warrior)
 39569 | Spider:3 | Received a gift from Yredelemnul (a vampire knight)
 39596 | Spider:3 | Reached skill level 16 in Unarmed Combat
 39603 | Spider:3 | Received a gift from Yredelemnul (a profane servitor)
 39610 | Spider:3 | Noticed Azrael
 39620 | Spider:3 | Killed Azrael
 39635 | Spider:3 | Received a gift from Yredelemnul (a phantasmal warrior)
 39689 | Spider:3 | Received a gift from Yredelemnul (a ghoul)
 40084 | Spider:3 | Found the ring of Robustness {AC+8}
 40451 | Spider:4 | Entered Level 4 of the Spider Nest
 40535 | Spider:4 | Noticed Arachne
 40550 | Spider:4 | Killed Arachne
 40990 | Spider:4 | Received a gift from Yredelemnul (a vampire)
 41139 | Spider:4 | Reached XP level 17. HP: 118/129 MP: 13/20
 41165 | Spider:4 | Your ally Arachne died
 41198 | Spider:4 | Received a gift from Yredelemnul (a ghoul)
 41244 | Spider:4 | Got a gossamer rune of Zot
 41383 | Spider:4 | Received a gift from Yredelemnul (a skeletal warrior)
 41545 | Spider:4 | Found a runed gate.
 41545 | Spider:4 | Found a runed gate.
 41546 | Spider:4 | Found a runed gate.
 41552 | Spider:4 | Noticed potiron's ghost (adept MiBe)
 41553 | Spider:4 | Noticed ThisFiasco's ghost (adept HOFi)
 41658 | Lair:1   | Killed Urug
 41783 | Vaults:1 | Entered Level 1 of the Vaults
 41813 | Vaults:1 | Received a gift from Yredelemnul (a ghoul)
 41841 | Vaults:1 | Reached skill level 17 in Unarmed Combat
 43664 | Vaults:2 | Found Tamiut's Food Emporium.
 43673 | Vaults:2 | Received a gift from Yredelemnul (a ghoul)
 44324 | Vaults:2 | Reached XP level 18. HP: 120/137 MP: 21/21
 44670 | Vaults:2 | Received a gift from Yredelemnul (a ghoul)
 44781 | Vaults:2 | Found a staircase to the Crypt.
 44781 | Vaults:2 | Found a basalt altar of Yredelemnul.
 44782 | Vaults:2 | Found an ancient bone altar of Kikubaaqudgha.
 44953 | Vaults:3 | Reached skill level 18 in Unarmed Combat
 45081 | Vaults:3 | Received a gift from Yredelemnul (a bone dragon)
 45112 | Vaults:3 | Received a gift from Yredelemnul (a bone dragon)
 45338 | Vaults:3 | Found Ympoluc's Antique Weapon Shop.
 45515 | Vaults:3 | Received a gift from Yredelemnul (a profane servitor)
 46401 | Vaults:3 | Received a gift from Yredelemnul (a phantasmal warrior)
 47036 | Vaults:4 | Noticed Margery
 47554 | Vaults:4 | Killed Margery
 47554 | Vaults:4 | Reached XP level 19. HP: 130/144 MP: 22/22
 47570 | Vaults:4 | Received a gift from Yredelemnul (a flayed ghost)
 47592 | Vaults:4 | Reached skill level 19 in Unarmed Combat
 47877 | Vaults:4 | Reached skill level 15 in Dodging
 48199 | Vaults:4 | Received a gift from Yredelemnul (a ghoul)
 48661 | Vaults:4 | Noticed an Ice Fiend
 49315 | Elf:1    | Entered Level 1 of the Elven Halls
 49351 | Elf:1    | Received a gift from Yredelemnul (a vampire)
 49831 | Elf:1    | Found Coqoc's Book Boutique.
 50180 | Elf:1    | Bought a book of the Dragon for 990 gold pieces
 50188 | Elf:1    | Learned a level 7 spell: Dragon Form
 50251 | Elf:2    | Received a gift from Yredelemnul (a skeletal warrior)
 50288 | Elf:2    | Gained mutation: Scrolls take you a little longer to read.
                  | [a neqoxec]
 50412 | Elf:2    | Reached skill level 5 in Transmutations
 50419 | Elf:2    | Received a gift from Yredelemnul (a bone dragon)
 50840 | Elf:2    | Noticed Donald
 50853 | Elf:2    | Killed Donald
 51068 | Elf:2    | Found a runed gate.
 51068 | Elf:2    | Found a runed gate.
 51068 | Elf:2    | Found a runed gate.
 51090 | Elf:2    | Noticed Saint Roka
 51094 | Elf:2    | Received a gift from Yredelemnul (a flayed ghost)
 51126 | Elf:2    | Killed Saint Roka
 51458 | Elf:2    | Received a gift from Yredelemnul (a skeletal warrior)
 51486 | Elf:2    | Reached skill level 15 in Shields
 51487 | Elf:2    | Your ally Saint Roka died
 51804 | Elf:2    | Reached XP level 20. HP: 153/153 MP: 23/23
 51942 | Elf:2    | Received a gift from Yredelemnul (a flayed ghost)
 52132 | D:11     | Bought the amulet "Sariba" {Acrobat Int+2} for 576 gold
                  | pieces
 52227 | Depths:1 | Entered Level 1 of the Depths
 52502 | Depths:1 | Received a gift from Yredelemnul (a phantasmal warrior)
 52674 | Depths:1 | Found a gateway to Hell.
 52985 | Depths:1 | Received a gift from Yredelemnul (a profane servitor)
 53533 | Depths:1 | Reached skill level 10 in Transmutations
 53570 | Depths:1 | Received a gift from Yredelemnul (a vampire knight)
 53831 | Depths:2 | Received a gift from Yredelemnul (a ghoul)
 53885 | Depths:2 | Found a one-way gate to the infinite horrors of the Abyss.
 54188 | Depths:2 | Received a gift from Yredelemnul (a profane servitor)
 54252 | Depths:2 | Noticed an ancient lich
 54253 | Depths:2 | Found a gateway to a ziggurat.
 54272 | Depths:2 | Killed an ancient lich
 54435 | Depths:2 | Paralysed by an ogre mage for 6 turns
 54440 | Depths:2 | Slain by an ogre mage

Skill      XL: |  1  2  3  4  5  6  7  8  9 10 11 12 13 14 15 16 17 18 19 20 |
---------------+-------------------------------------------------------------+-----
Unarmed Combat | 3 4 5 6 8 9 10 12 14 15 16 17 18 19 | 19.4
Stealth        | 2 3 4 6 10 | 10.3
Fighting       | 5 7 8 12 14 15 16 17 | 17.8
Dodging        | 5 7 8 9 10 11 12 13 14 15 | 15.2
Polearms       | 3 |  3.6
Shields        | 5 6 8 9 10 11 12 13 15 | 15.0
Transmutations | 4 7 12 | 12.1
Invocations    | 2 4 |  4.0

Action                   |  1- 3 |  4- 6 |  7- 9 | 10-12 | 13-15 | 16-18 | 19-21 || total
-------------------------+-------+-------+-------+-------+-------+-------+-------++-------
Melee: Unarmed           |    71 |   105 |   247 |   510 |  1173 |   759 |   446 ||  3311
       Constrict         |    20 |    30 |    56 |    76 |   199 |   154 |    75 ||   610
       Tentacles         |    12 |    16 |    45 |   117 |   305 |   247 |   148 ||   890
       Punch             |       |     4 |    13 |    57 |   165 |   155 |    96 ||   490
       Kick              |       |       |       |    17 |    47 |     5 |       ||    69
 Fire: Hunting sling     |       |       |       |   128 |    34 |       |       ||   162
Throw: Stone             |     1 |    11 |     8 |    46 |    20 |       |       ||    86
 Cast: Sticks to Snakes  |       |       |       |    12 |    57 |     3 |     5 ||    77
       Beastly Appendage |       |       |       |     8 |    17 |     1 |       ||    26
Invok: Animate Remains   |       |       |       |     3 |       |       |       ||     3
       Animate Dead      |       |       |       |    10 |   117 |    77 |    31 ||   235
       Recall Undead Sla |       |       |       |     1 |     2 |     1 |     3 ||     7
       Stop Recall       |       |       |       |       |       |     1 |     3 ||     4
 Abil: Evoke Invisibilit |       |       |       |       |       |     1 |       ||     1
Evoke: Wand              |       |     3 |     5 |    15 |     6 |     1 |     1 ||    31
  Use: Potion            |       |     1 |     2 |    11 |     3 |     2 |     2 ||    21
       Scroll            |       |    10 |    12 |    16 |    17 |     1 |     1 ||    57
 Stab: Sleeping          |     8 |    11 |    17 |    19 |    25 |    32 |    40 ||   152
       Distracted        |       |       |     1 |     3 |    29 |    27 |    12 ||    72
       Invisible         |       |       |       |     1 |       |       |       ||     1
       Paralysed         |       |       |       |       |     9 |     4 |     4 ||    17
       Confused          |       |       |       |       |       |     1 |       ||     1
  Eat: Chunk             |     2 |     8 |    10 |    17 |    29 |    42 |    13 ||   121
       Ration            |       |       |     2 |     7 |    21 |     4 |     6 ||    40
Armor: Skin              |     4 |     8 |     4 |     1 |     4 |    33 |     3 ||    57
Dodge: Dodged            |    16 |    28 |    82 |   275 |   473 |   431 |   207 ||  1512
Block: Shield            |    17 |    28 |    77 |   280 |   591 |   561 |   268 ||  1822
